 Dungeon Crawl Stone Soup version 0.20.0-15-g7f486f2 (webtiles) character file.

68 Hook the Conjurer (level 4, -2/33 HPs)
             Began as a Draconian Conjurer on June 14, 2017.
             Slain by a bullfrog (4 damage)
             ... on level 3 of the Dungeon.
             The game lasted 00:09:26 (2066 turns).

Hook the Conjurer (Draconian Conjurer)              Turns: 2066, Time: 00:09:27

Health: -2/33      AC:  5    Str: 11    XL:     4   Next: 1%
Magic:  0/7        EV: 12    Int: 16    God:
Gold:   117        SH:  0    Dex: 11    Spells: 5/8 levels left

rFire    . . .     SeeInvis .   d - +0 whip (curse)
rCold    . . .     Gourm    .   (no shield)
rNeg     . . .     Faith    .   (armour unavailable)
rPois    .         Spirit   .   (helmet restricted)
rElec    .         Reflect  .   (no cloak)
rCorr    .         Harm     .   (no gloves)
MR       .....                  (no boots)
Stlth    ++........             (no amulet)
Regen    0.2/turn               (no ring)
MPRegen  0.1/turn               (no ring)

@: no status effects
A: unfitting armour, cold-blooded, AC +5
a: no special abilities


You were on level 3 of the Dungeon.
You were not hungry.

You visited 1 branch of the dungeon, and saw 3 of its levels.

You collected 117 gold pieces.

Inventory:

Hand Weapons
 d - a cursed +0 whip (weapon)
 k - a +0 trident
Jewellery
 c - a cursed ring of teleportation
Potions
 e - a potion of haste {unknown}
 f - a potion of curing {unknown}
 h - a potion of flight {unknown}
 l - a potion of ambrosia {unknown}
Books
 a - a book of Conjurations

   Spells                             Type                      Level
   a - Magic Dart                     Conjuration                  1
   b - Searing Ray                    Conjuration                  2
   c - Dazzling Spray                 Conjuration/Hexes            3
   d - Fulminant Prism                Conjuration/Hexes            4
   e - Force Lance                    Conjuration/Translocation    4
   f - Iskenderun's Mystic Blast      Conjuration                  4
Comestibles
 b - 7 chunks of flesh
 g - 6 fruits
 i - a bread ration
 j - 3 meat rations


   Skills:
 + Level 0.4 Maces & Flails
 * Level 2.2 Dodging
 + Level 2.1 Stealth
 * Level 2.5 Spellcasting
 * Level 4.8 Conjurations


You had 5 spell levels left.
You knew the following spells:

 Your Spells              Type           Power        Failure   Level  Hunger
a - Magic Dart            Conj           ###.         2%          1    #......
b - Searing Ray           Conj           ###...       4%          2    ##.....


Dungeon Overview and Level Annotations

Branches:
Dungeon (3/15)

Altars:


Innate Abilities, Weirdness & Mutations

Your plain brown scales are hard. (AC +5)
You cannot fit into any form of body armour.
You are cold-blooded and may be slowed by cold attacks.


Message History

The bullfrog is heavily wounded.
The bullfrog hits you.
Casting: Magic Dart
Confirm with . or Enter, or press ? or * to list all spells.
Aiming: Magic Dart
Press: ? - help, Shift-Dir - straight line, f/p - bullfrog
Aim: a bullfrog (heavily wounded)
The magic dart hits the bullfrog.
The bullfrog is severely wounded.
The bullfrog hits you. The bullfrog barely misses you.
You hit the bullfrog.
The bullfrog is severely wounded.
The bullfrog hits you.
* * * LOW HITPOINT WARNING * * *
The bullfrog hits you!
* * * LOW HITPOINT WARNING * * *
You barely miss the bullfrog.
The bullfrog is severely wounded.
The bullfrog hits you.
You die...

. ........# .. .......#
.##......# ........#
#......# #......#
.########......#
........#F.############
........@.## ##......##
........### ##.......)##
........# #........>.#
........# #..........#
.)......# #..........#
........######..........#
.............#..........#
##...)...................##
.....
......<..#######........##


You could see a bullfrog.

Vanquished Creatures
  A gnoll (D:1)
  A worm (D:2)
  A dart slug (D:2)
  2 leopard geckos
  An orc (D:3)
  2 ball pythons
  6 bats
  2 giant cockroaches
  6 goblins
  3 hobgoblins
  6 jackals
  A quokka (D:2)
  3 frilled lizards
  5 kobolds
  8 rats
48 creatures vanquished.

Vanquished Creatures (others)
  2 kobolds (D:1)
2 creatures vanquished.

Grand Total: 50 creatures vanquished

Notes
Turn   | Place    | Note
-------+----------+-------------------------------------------
     0 | D:1      | Hook the Draconian Conjurer began the quest for the Orb.
     0 | D:1      | Reached XP level 1. HP: 14/14 MP: 3/3
   226 | D:1      | Reached XP level 2. HP: 17/20 MP: 0/5
   595 | D:1      | Learned a level 2 spell: Searing Ray
   685 | D:1      | Reached XP level 3. HP: 22/26 MP: 6/6
  1584 | D:2      | Found a faded altar of an unknown god.
  2048 | D:3      | Reached XP level 4. HP: 33/33 MP: 0/7
  2049 | D:3      | Noticed a bullfrog
  2066 | D:3      | Slain by a bullfrog

Skill      XL: |  1  2  3 |
---------------+----------+-----
Stealth        | 2 |  2.1
Dodging        | 2 |  2.2
Maces & Flails | |  0.4
Spellcasting   | |  2.5
Conjurations   | |  4.8

Action                   |  1- 3 |  4- 6 || total
-------------------------+-------+-------++-------
Melee: Whip              |    75 |    13 ||    88
       Unarmed           |     3 |       ||     3
       Tailslap          |     9 |     1 ||    10
 Cast: Magic Dart        |    61 |     3 ||    64
       Searing Ray       |     1 |       ||     1
  Use: Scroll            |     5 |       ||     5
 Stab: Sleeping          |     5 |       ||     5
  Eat: Chunk             |     3 |       ||     3
       Bread ration      |     1 |       ||     1
Armor: Skin              |    33 |     3 ||    36
Dodge: Dodged            |    78 |    13 ||    91
